 Dungeon Crawl Stone Soup version 0.29-a0-1009-g60c99734e7 (webtiles) character file.

Game seed: 5710860623372518617

10 drpainis the Sneak (level 2, 0/13 HPs)
             Began as a Spriggan Enchanter on Aug 8, 2022.
             Succumbed to an adder's poison
             ... on level 2 of the Dungeon.
             The game lasted 00:00:50 (1178 turns).

drpainis the Sneak (Spriggan Enchanter)             Turns: 1178, Time: 00:00:50

Health: 0/13       AC:  2    Str:  4    XL:     2   Next: 10%
Magic:  6/6        EV: 18    Int: 16    God:
Gold:   72         SH:  0    Dex: 21    Spells: 6/6 levels left

rFire   . . .      SeeInvis +   a - +1 dagger
rCold   . . .      Faith    .   (no shield)
rNeg    . . .      Spirit   .   b - +0 robe
rPois   .          Reflect  .   (helmet restricted)
rElec   .          Harm     .   (no cloak)
rCorr   .          Rampage  .   (gloves unavailable)
Will    .....                   (boots unavailable)
Stlth   +++.......              (no amulet)
HPRegen 0.04/turn               i - +6 ring of dexterity
MPRegen 0.10/turn               (no ring)

@: lethally poisoned (0 -> -5), invisible, very quick
A: very small, no large weapons, unfitting armour, see invisible, speed 3
a: no special abilities


You were on level 2 of the Dungeon.
You visited 1 branch of the dungeon, and saw 2 of its levels.

You collected 72 gold pieces.

Inventory:

Hand Weapons
 a - a +1 dagger (weapon)
Armour
 b - a +0 robe (worn)
Jewellery
 d - a ring of see invisible
 i - a +6 ring of dexterity (left hand)
Scrolls
 e - 2 scrolls of blinking {unknown}
 f - a scroll of vulnerability {unknown}
 j - a scroll of butterflies {unknown}
Potions
 c - a potion of invisibility
 g - a potion of curing {unknown}
 h - a potion of attraction {unknown}
 k - a potion of degeneration {unknown}


   Skills:
 + Level 1.2 Short Blades
 + Level 2.8 Dodging
 + Level 4.6 Stealth
 + Level 2.9 Spellcasting
 + Level 4.0 Hexes


You had 6 spell levels left.
You didn't know any spells.
Your spell library contained the following spells:

 Spells                   Type           Power      Damage    Failure   Level
 Confusing Touch          Hex            15%        N/A       11%         3
 Tukima's Dance           Hex            15%        N/A       11%         3
 Ensorcelled Hibernation  Hex/Ice        16%        N/A       13%         2
 Dazzling Flash           Conj/Hex       16%        N/A       26%         3
 Blink                    Tloc           4%         N/A       28%         2
 Lesser Beckoning         Tloc           2%         N/A       50%         3
 Manifold Assault         Tloc           2%         N/A       99%         5


Dungeon Overview and Level Annotations

Branches:
Dungeon (2/15)

Altars:


Innate Abilities, Weirdness & Mutations

You are very small and have problems with some larger weapons.
You are too small for most types of armour.
You have supernaturally acute eyesight. (SInv)
You cover ground extremely quickly. (Speed+++)


Message History

There is a stone staircase leading down here.
You climb downwards.
Found 5 gold pieces.
There is a stone staircase leading up here.
Okay, then.
You now have 72 gold pieces (gained 5).
An adder comes into view.
An adder is nearby!
An adder is nearby!
An adder is nearby!
An adder is nearby!
You completely miss the adder. The adder barely misses you.
You hit the adder but do no damage.
A ball python comes into view.
The adder barely misses you.
The ball python hisses angrily.
You hit the adder.
The adder is moderately wounded.
The adder bites you.
You are poisoned.
The adder poisons you!
You barely miss the adder.
The adder is moderately wounded.
You feel sick. The adder bites you but does no damage. The adder bites you.
You are lethally poisoned!
The adder poisons you!
You hit the adder.
The adder is heavily wounded.
You feel sick. The adder barely misses you.
* * * LOW HITPOINT WARNING * * *
You feel sick.
Unknown command.
You fade into invisibility!
* * * LOW HITPOINT WARNING * * *
You feel sick. The adder closely misses you.
The ball python closely misses you.
Unknown command.
* * * LOW HITPOINT WARNING * * *
You feel sick.
You die...

........# ........#
# ........# .#
..!.....## .#
#........##.#
#.....#.....###
#.#.....#.....#
.......S..##..###
#.#####.S.@.....###
#.##....#...#
#.##.#...##.. .#
#.##.........#.#
#.###..##.##...#
#.# #..##.##...#
#.# #..##.#.....#
#.# #..<....##...
... ###.......#


You could see an adder (wandering, unable to see you) and a ball python (unable
to see you).

Vanquished Creatures
  3 ball pythons (D:1)
  An endoplasm (D:1)
  3 goblins (D:1)
  A hobgoblin (D:1)
  A frilled lizard (D:1)
9 creatures vanquished.

Notes
Turn   | Place    | Note
-------+----------+-------------------------------------------
     0 | D:1      | drpainis the Spriggan Enchanter began the quest for the
                  | Orb.
     0 | D:1      | Reached XP level 1. HP: 9/9 MP: 5/5
   825 | D:1      | Reached XP level 2. HP: 13/13 MP: 6/6
  1178 | D:2      | Succumbed to an adder's poison

Illustrated notes

Levels and vault maps discovered:
D:1:      amcnicky_arrival_underground_garden, layout_basic
D:2:      layout_rooms, nicolae_ecumenical_snake_handling, basic_altar,
          nicolae_elevator_lobby_asterisk, uniq_jessica

Skill      XL: |  1 |
---------------+----+-----
Hexes          | 4 |  4.0
Short Blades   | |  1.2
Dodging        | |  2.8
Stealth        | |  4.6
Spellcasting   | |  2.9

Action                   || total
-------------------------++-------
Melee: Dagger            ||    28
  Use: Potion            ||     1
 Stab: Sleeping          ||     2
Armor: Robe              ||     1
Dodge: Dodged            ||    17

Table legend: (Time is in decaauts)
 A = Elapsed time spent in this place.
 B = Non-inter-level travel time spent in this place.
 C = Inter-level travel time spent in this place.
 D = Time resting spent in this place.
 E = Time spent auto-exploring this place.
 F = Levels seen in this place.
 G = Mean time per level.
                   A        B        C        D        E       F      G
               +--------+--------+--------+--------+--------+-----+--------+
         Total |    991 |    991 |      0 |    642 |    254 |   2 |  495.5 |
       Dungeon |    991 |    991 |      0 |    642 |    254 |   2 |  495.5 |
               +--------+--------+--------+--------+--------+-----+--------+

Top non-repeatable levels by time:
     D:1: 972 daAuts
     D:2: 19 daAuts
